 Dungeon Crawl Stone Soup version 0.31-a0-237-g2d982f9 (webtiles) character file.

Game seed: 13348120859393349192

7536 BingusPrime the Covert (level 10, 0/46 HPs)
             Began as a Spriggan Hunter on July 11, 2023.
             Was a Believer of Dithmenos.
             Slain by a yak (6 damage)
             ... while petrified by a basilisk
             ... on level 1 of the Lair of Beasts.
             The game lasted 00:18:35 (8728 turns).

BingusPrime the Covert (Spriggan Hunter)            Turns: 8728, Time: 00:18:36

Health: 0/46       AC:  2    Str:  7    XL:     10   Next: 96%
Magic:  11/11      EV:  4    Int: 11    God:    Dithmenos [**....]
Gold:   327        SH:  0    Dex: 29    Spells: 9/9 levels left

rFire   + . .        m - +6 short sword of Ribeux {elec, rF+}
rCold   . . .        (no shield)
rNeg    + + +        c - +0 robe
rPois   ∞            (helmet restricted)
rElec   .            (no cloak)
rCorr   .            (gloves unavailable)
SInv    +            (boots unavailable)
Will    +....        (no amulet)
Stlth   +++++++++    p - +5 ring of evasion
HPRegen 0.27/turn    n - +6 ring of dexterity
MPRegen 0.12/turn

%: no passive effects
@: petrified, wreathed by umbra, very quick
A: very small, no large weapons, unfitting armour, see invisible, speed 3
a: Renounce Religion, Shadow Step


You were on level 1 of the Lair of Beasts.
You worshipped Dithmenos.
Dithmenos was pleased with you.
You visited 3 branches of the dungeon, and saw 12 of its levels.

You collected 327 gold pieces.

Inventory:

Hand Weapons
 m - the +6 short sword of Ribeux (weapon) {elec, rF+}
   (You found it on level 2 of the Dungeon)

   rF:        It protects you from fire.
 w - the +3 short sword of Stained Gallantry {flame, rC- Int+3}
   (You found it on level 5 of the Dungeon)

   Int:       It affects your intelligence (+3).
   rC:        It makes you vulnerable to cold.
 D - a +0 orcbow
Armour
 c - a +0 robe (worn)
 h - an orb of light
Jewellery
 b - a +6 ring of dexterity
 i - a ring of resist corrosion
 n - a +6 ring of dexterity (right hand)
 p - a +5 ring of evasion (left hand)
 s - a ring of poison resistance
 t - a +6 ring of strength
 A - a +6 ring of dexterity
 F - a ring of positive energy
 I - a ring of fire
 K - a +5 ring of evasion
Wands
 a - a wand of flame (25)
 E - a wand of polymorph (12)
Scrolls
 e - a scroll of brand weapon {unknown}
 k - 2 scrolls of poison {unknown}
 u - 2 scrolls of teleportation
 v - a scroll of immolation
 x - 2 scrolls of fog {unknown}
 y - 3 scrolls of revelation {unknown}
 z - 5 scrolls of identify
 B - 3 scrolls of vulnerability {unknown}
 H - a scroll of enchant weapon {unknown}
 J - a scroll of fear {unknown}
Potions
 d - 2 potions of degeneration {unknown}
 f - 2 potions of berserk rage {unknown}
 g - 3 potions of curing {unknown}
 j - 2 potions of haste {unknown}
 l - a potion of might {unknown}
 o - 2 potions of heal wounds {unknown}
 q - a potion of enlightenment {unknown}
 r - a potion of mutation {unknown}
 C - a potion of lignification {unknown}
 G - a potion of brilliance {unknown}


   Skills:
 - Level 2.2 Fighting
 * Level 10.4 Short Blades
 + Level 8.2 Ranged Weapons
 + Level 9.3 Dodging
 * Level 14.9 Stealth


You had 9 spell levels left.
You didn't know any spells.
Your spell library contained the following spells:

 Spells                   Type           Power      Damage    Failure   Level
 Summon Ice Beast         Ice/Summ       0%         N/A       98%         4
 Blade Hands              Tmut           0%         N/A       100%        5
 Irradiate                Conj/Tmut      0%         3d11      100%        5
 Iskenderun's Battlesphe  Conj           0%         2d6       100%        5
 Summon Mana Viper        Hex/Summ       0%         N/A       100%        5
 Leda's Unmaking          Conj/Erth      0%         9d1       100%        6
 Dragon Form              Tmut           0%         N/A       100%        7
 Monstrous Menagerie      Summ           0%         N/A       100%        7
 Spellforged Servitor     Conj/Summ      0%         N/A       100%        7


Dungeon Overview and Level Annotations

Branches:
Dungeon (10/15)            Temple (1/1) D:5            Lair (1/5) D:10
    Orc (0/2) D:10

Altars:
Ashenzari
Cheibriados
Dithmenos
Elyvilon
Fedhas
Gozag
Hepliaklqana
Kikubaaqudgha
Makhleb
Nemelex Xobeh
Okawaru
Qazlal
Ru
Sif Muna
Trog
Uskayaw
Vehumet
Wu Jian
Xom
Yredelemnul
Zin
The Shining One

Shops:
D:9 *

Portals:
Trove: D:10 (give +4 demon trident)


Innate Abilities, Weirdness & Mutations

You are very small and have problems with some larger weapons.
You are too small for most types of armour.
You have supernaturally acute eyesight. (SInv)
You cover ground extremely quickly. (Speed+++)


Message History

The blink frog blinks!
The basilisk hisses menacingly.
The blink frog blinks!
You shoot an arrow. The arrow hits the bullfrog.
The bullfrog is lightly wounded.
The bullfrog misses you.
You hear the crackle of electricity.
m - the +6 short sword of Ribeux (weapon)
{elec, rF+} The bullfrog misses you.
The blink frog blinks!
You barely miss the bullfrog.
The bullfrog is lightly wounded.
The bullfrog completely misses you.
The blink frog blinks!
The bullfrog completely misses you. The basilisk gazes at you.
You resist with almost no effort. The basilisk gazes at you.
You are slowing down.
As you read the scroll labelled UPI SOAJURERULO, it crumbles to dust.
It is a scroll of identify.
u - 3 scrolls of teleportation The yak bellows! x7
The blink frog hits you!
Your limbs are stiffening.
As you read the scroll of teleportation, it crumbles to dust.
You feel strangely unstable.
The blink frog blinks!
The bullfrog completely misses you. The blink frog completely misses you.
The blink frog blinks!
You have turned to stone.
The blink frog hits you. The blink frog hits you!
The yak bellows!
The blink frog hits you! x2; The blink frog hits you.
The blink frog blinks!
The blink frog hits you!
The blink frog blinks! x2; The yak gores you.
Your surroundings seem slightly different.
The yak completely misses you. The yak barely misses you.
The blink frog blinks! x2; The yak gores you!
* * * LOW HITPOINT WARNING * * *
The yak gores you!
* * * LOW HITPOINT WARNING * * *
The yak bellows!
The blink frog blinks!
The yak barely misses you. The yak gores you. The yak gores you!
You die...

Y...... .......#####.. ##.......#
........©... #...FY....#
.......... ##....Y....##
#$.>...## #.....YY....###
#.......##
##......Y....#.#########.....).##
................Y...F..........}.
......Y.......§YYFY..............
..............FY@YY..F...........
........Y......YYYl......F.......
.................................
..###......##Y..#########.......#
.# #....†####...# #.#......### .
#..l..# #...## ##......## .
#.....# ##...# ##......P#
###.....#####...###......###
.......Fl........§......##


You could see 11 yaks, a basilisk, 3 blink frogs and a bullfrog.

Vanquished Creatures
  2 two-headed ogres (D:10)
  An unseen horror (D:10)
  A troll (D:9)
  A hornet (D:9)
  2 blink frogs (Lair:1)
  2 shadows
  The ghost of bobfrom10 the Conjurer, an amateur DECj (D:5)
  2 wraiths (D:10)
  A yak (Lair:1)
  2 wyverns
  2 basilisks (Lair:1)
  Menkaure (D:6)
  2 wargs (D:10)
  3 water moccasins
  3 sky beasts
  An orc warrior (D:7)
  An ice beast (D:5)
  A black bear (D:5)
  An ogre (D:6)
  5 centaurs
  A phantom (D:5)
  2 kobold brigands
  Blork the orc (D:6)
  4 bullfrogs
  A gnoll sergeant (D:8)
  A scorpion (D:4)
  7 killer bees
  3 howler monkeys
  2 hounds
  7 orc priests
  A jelly (D:6)
  4 iguanas
  11 orc wizards
  4 sleepcaps
  7 gnolls
  11 adders
  A shadow imp (D:6)
  An ufetubus (D:7)
  3 worms (D:4)
  3 dart slugs
  37 orcs
  7 bats
  8 endoplasms
  A giant cockroach (D:3)
  6 hobgoblins
  8 jackals (D:1)
  4 quokkas
  4 ball pythons
  2 frilled lizards
  6 goblins
  19 kobolds
  10 rats
222 creatures vanquished.

Notes
Turn   | Place    | Note
-------+----------+-------------------------------------------
     0 | D:1      | BingusPrime the Spriggan Hunter began the quest for the
                  | Orb.
     0 | D:1      | Reached XP level 1. HP: 10/10 MP: 2/2
    98 | D:1      | Reached skill level 2 in Stealth
   116 | D:1      | Reached XP level 2. HP: 13/15 MP: 3/3
   579 | D:1      | Reached XP level 3. HP: 18/18 MP: 4/4
   777 | D:2      | Reached skill level 3 in Stealth
   996 | D:2      | Reached XP level 4. HP: 21/23 MP: 5/5
  1565 | D:2      | Reached skill level 4 in Stealth
  1586 | D:2      | Identified the +6 short sword of Ribeux {elec, rF+}
  1770 | D:3      | Reached XP level 5. HP: 26/26 MP: 6/6
  1777 | D:3      | Reached skill level 1 in Short Blades
  1777 | D:3      | Reached skill level 5 in Ranged Weapons
  1945 | D:3      | Reached skill level 5 in Stealth
  2466 | D:4      | Reached XP level 6. HP: 30/30 MP: 7/7
  3117 | D:4      | Reached skill level 6 in Stealth
  3262 | D:5      | Entered Level 5 of the Dungeon
  3282 | D:5      | Reached XP level 7. HP: 35/35 MP: 8/8
  3392 | D:5      | Identified the +3 short sword of Stained Gallantry {flame,
                  | rC- Int+3}
  3503 | D:5      | Reached skill level 5 in Dodging
  3503 | D:5      | Reached skill level 7 in Stealth
  3655 | D:5      | Found a runed translucent door.
  3658 | D:5      | Noticed bobfrom10's ghost (amateur DECj)
  3779 | D:5      | Reached skill level 8 in Stealth
  3909 | D:5      | Found a staircase to the Ecumenical Temple.
  3926 | Temple   | Entered the Ecumenical Temple
  4158 | Temple   | Became a worshipper of Dithmenos the Shadowed
  4449 | D:5      | Killed bobfrom10's ghost
  4450 | D:5      | Reached skill level 5 in Short Blades
  4450 | D:5      | Reached XP level 8. HP: 19/39 MP: 9/9
  4549 | D:6      | Noticed Menkaure
  4554 | D:6      | Killed Menkaure
  4568 | D:6      | Reached skill level 9 in Stealth
  4699 | D:6      | Noticed Blork the orc
  4710 | D:6      | Killed Blork the orc
  4948 | D:7      | Reached skill level 10 in Stealth
  5247 | D:7      | Reached XP level 9. HP: 42/42 MP: 10/10
  5290 | D:7      | Reached * piety under Dithmenos
  5426 | D:7      | Reached skill level 11 in Stealth
  6015 | D:8      | Found an opulent altar of Gozag.
  6054 | D:8      | Found a hide-covered altar of Uskayaw.
  6072 | D:8      | Found a burning altar of Makhleb.
  6628 | D:9      | Noticed a troll
  6664 | D:8      | Reached skill level 12 in Stealth
  6792 | D:9      | Found Qapeet's Gadget Gallery.
  7011 | D:9      | Identified the +6 mace of the Bedazzling Lamprey {freeze,
                  | Int+3}
  7092 | D:9      | Reached ** piety under Dithmenos
  7112 | D:9      | Killed a troll
  7338 | D:9      | Reached XP level 10. HP: 38/46 MP: 11/11
  7412 | D:9      | Reached skill level 13 in Stealth
  7682 | D:10     | Entered Level 10 of the Dungeon
  7734 | D:10     | Found a staircase to the Orcish Mines.
  8067 | D:10     | Found a portal to a secret trove of treasure.
  8284 | D:10     | Found a glowing silver altar of Zin.
  8284 | D:10     | Found a hazy altar of Hepliaklqana.
  8331 | D:10     | Found a staircase to the Lair.
  8332 | D:10     | Noticed a two-headed ogre
  8336 | D:10     | Killed a two-headed ogre
  8337 | D:10     | Reached skill level 14 in Stealth
  8337 | D:10     | Noticed a two-headed ogre
  8344 | D:10     | Killed a two-headed ogre
  8345 | D:10     | Reached skill level 10 in Short Blades
  8587 | Lair:1   | Entered Level 1 of the Lair of Beasts
  8671 | Lair:1   | Noticed a cane toad
  8728 | Lair:1   | Slain by a yak

Illustrated notes

Levels and vault maps discovered:
D:1:      amcnicky_arrival_wind_blow, layout_basic
D:2:      layout_basic, corner_web_ring
D:3:      layout_loops_ring
D:4:      layout_loops_corners
D:5:      layout_gridville, minmay_temple_entry_ruins,
          ebering_ghost_reflecting_pool, hangedman_abyss_or_decor_passed,
          kennysheep_nub
D:6:      layout_basic, uniq_blork_the_orc, uniq_menkaure
D:7:      layout_basic
D:8:      layout_rooms, grunt_gozag_statues, grunt_temple_overflow_open,
          grunt_decor_cap
D:9:      layout_long_grid, minmay_misc_feat_pillars, nicolae_shop_gadgets
D:10:     layout_cave_pods, gammafunk_temple_overflow_elements,
          lair_entry_dummy, erik_orc_4, nicolae_trove_entry_crystal
Temple:   nicolae_temple_bog_church
Lair:1:   layout_hall_layers, gammafunk_ghost_wrathful_warriors

Skill      XL: |  1  2  3  4  5  6  7  8  9 10 |
---------------+-------------------------------+-----
Stealth        | 2 3 4 5 6 8 10 12 14 | 14.9
Dodging        | 3 4 5 6 8 9 |  9.3
Fighting       | 2 |  2.2
Short Blades   | 2 3 5 6 8 10 | 10.4
Ranged Weapons | 5 6 7 8 |  8.2

Action                     |  1- 3 |  4- 6 |  7- 9 | 10-12 || total
---------------------------+-------+-------+-------+-------++-------
  Melee: Short sword       |       |    67 |   262 |    83 ||   412
         Punch             |       |       |     3 |     1 ||     4
   Fire: Shortbow          |   115 |    37 |       |       ||   152
         Orcbow            |       |       |    25 |    38 ||    63
    Use: Scroll            |       |       |     2 |     2 ||     4
   Stab: Sleeping          |       |    17 |    17 |     8 ||    42
         Distracted        |       |     1 |     5 |     3 ||     9
 Armour: Robe              |     6 |     2 |     3 |     2 ||    13
  Dodge: Dodged            |    80 |    55 |   194 |    63 ||   392

Table legend: (Time is in decaauts)
 A = Elapsed time spent in this place.
 B = Non-inter-level travel time spent in this place.
 C = Inter-level travel time spent in this place.
 D = Time resting spent in this place.
 E = Time spent auto-exploring this place.
 F = Levels seen in this place.
 G = Mean time per level.
                   A        B        C        D        E       F      G
               +--------+--------+--------+--------+--------+-----+--------+
         Total |   5860 |   5466 |    394 |    109 |   4099 |  12 |  488.3 |
       Dungeon |   5614 |   5281 |    333 |    109 |   4006 |  10 |  561.4 |
        Temple |    157 |    100 |     57 |      0 |     90 |   1 |  157.0 |
          Lair |     88 |     85 |      3 |      0 |      2 |   1 |   88.0 |
               +--------+--------+--------+--------+--------+-----+--------+

Top non-repeatable levels by time:
     D:2: 778 daAuts
     D:9: 711 daAuts
     D:7: 701 daAuts
     D:5: 699 daAuts
    D:10: 574 daAuts
     D:8: 512 daAuts
     D:4: 502 daAuts
     D:3: 474 daAuts
     D:1: 421 daAuts
     D:6: 238 daAuts
  Temple: 157 daAuts
  Lair:1: 88 daAuts
